 Dungeon Crawl Stone Soup version 0.28-a0-1184-g53156a8862 (webtiles) character file.

Game seed: 3999980220547034277

72 ytrimaz the Skirmisher (level 3, -1/31 HPs)
             Began as a Demigod Fighter on Dec 18, 2021.
             Slain by an ogre (3 damage)
             ... on level 5 of the Dungeon.
             The game lasted 00:01:50 (2045 turns).

ytrimaz the Skirmisher (Demigod Fighter)            Turns: 2045, Time: 00:01:51

Health: -1/31      AC:  6    Str: 21    XL:     3   Next: 80%
Magic:  5/5        EV:  9    Int: 10    God:
Gold:   113        SH:  4    Dex: 13    Spells: 2/2 levels left

rFire   . . .      SeeInvis .   a - +0 flail
rCold   . . .      Faith    .   c - +0 buckler
rNeg    + . .      Spirit   .   b - +0 scale mail
rPois   .          Reflect  .   (no helmet)
rElec   .          Harm     .   (no cloak)
rCorr   .          Rampage  .   (no gloves)
Will    .....                   (no boots)
Stlth   ..........              (no amulet)
HPRegen 0.10/turn               h - ring of positive energy
MPRegen 0.09/turn               (no ring)

@: mighty
A: high mp 1, forlorn, divine attributes
a: no special abilities


You were on level 5 of the Dungeon.
You visited 1 branch of the dungeon, and saw 4 of its levels.

You collected 113 gold pieces.

Inventory:

Hand Weapons
 a - a +0 flail (weapon)
Armour
 b - a +0 scale mail (worn)
 c - a +0 buckler (worn)
Jewellery
 h - a ring of positive energy (left hand)
Potions
 e - a potion of invisibility {unknown}
 f - a potion of lignification
 g - 2 potions of curing
 i - 2 potions of mutation {unknown}


   Skills:
 + Level 3.1 Fighting
 * Level 3.0 Maces & Flails
 + Level 3.0 Armour
 + Level 3.0 Shields


You had 2 spell levels left.
You didn't know any spells.
Your spell library was empty.

Dungeon Overview and Level Annotations

Branches:
Dungeon (3/15)


Innate Abilities, Weirdness & Mutations

You have an increased reservoir of magic. (+10% MP)
You shall have no god before yourself.
Your divine heritage dramatically boosts your attributes as you level up.


Message History

You climb downwards.
Found 15 gold pieces.
There is a stone staircase leading up here.
A kobold comes into view. It is wielding a +0 dagger.
The kobold shouts!
You see here 15 gold pieces.
A kobold is nearby!
A kobold is nearby!
A kobold is nearby!
Found 21 bolts.
The kobold throws a stone.
The stone hits you but does no damage.
The kobold throws a stone.
You block the stone. The kobold hits you but does no damage.
You closely miss the kobold. The kobold closely misses you.
You sock the kobold!
You kill the kobold!
Things that are here:
a +0 dagger; 4 stones; a kobold corpse You now have 99 gold pieces (gained 15).
You see here 21 bolts.
You now have 113 gold pieces (gained 14).
A sourceless malevolence fills the Dungeon...
You fall into a shaft and drop 2 floors!
The shaft crumbles and collapses.
Found an escape hatch in the floor.
An ogre comes into view. It is wielding a +0 giant club.
Found 13 gold pieces and a bubbling green potion.
The ogre shouts!
An ogre is nearby!
You feel very mighty all of a sudden.
You barely miss the ogre. The ogre hits you with a +0 giant club!
You hit the ogre.
The ogre is lightly wounded.
The ogre hits you with a +0 giant club!!
Ouch! That really hurt!
* * * LOW HITPOINT WARNING * * *
You sock the ogre!
The ogre is severely wounded.
The ogre hits you with a +0 giant club.
You die...

### ##### ##...
##...##...##
##..........##
#......>.....#
#............##
#..............
##..........#
##....@...##
#####O#### #..#
##........
$........
..##.###.. ...
.. .... ##.
..... .#


You could see an ogre.

Vanquished Creatures
  3 gnolls (D:2)
  2 dart slugs (D:1)
  5 endoplasms
  2 giant cockroaches (D:2)
  3 goblins
  5 hobgoblins
  6 ball pythons
  5 bats
  3 kobolds
  3 rats
37 creatures vanquished.

Vanquished Creatures (others)
  A frilled lizard (D:1)
1 creature vanquished.

Grand Total: 38 creatures vanquished

Notes
Turn   | Place    | Note
-------+----------+-------------------------------------------
     0 | D:1      | ytrimaz the Demigod Fighter began the quest for the Orb.
     0 | D:1      | Reached XP level 1. HP: 18/18 MP: 3/3
   284 | D:1      | Reached XP level 2. HP: 20/25 MP: 4/4
  1538 | D:2      | Reached XP level 3. HP: 31/31 MP: 5/5
  2035 | D:3      | You fall into a shaft and drop 2 floors!
  2035 | D:5      | Entered Level 5 of the Dungeon
  2039 | D:5      | Noticed an ogre
  2044 | D:5      | HP: 1/31 [ogre (18)]
  2045 | D:5      | Slain by an ogre

Illustrated notes

Levels and vault maps discovered:
D:1:      lemuel_arrival_broad_hall, layout_loops_ring,
          shapermc_ecumenical_altar_mp_ritualfount
D:2:      layout_rooms, corner_web_ring, st_stairs_5, minmay_hedge_maze
D:3:      layout_basic, mainiacjoe_overflow_tiny_flanked
D:5:      layout_rooms

Skill      XL: |  1  2  3 |
---------------+----------+-----
Maces & Flails | 2 3 |  3.0
Fighting       | 3 |  3.1
Shields        | 3 |  3.0
Armour         | 3 |  3.0

Action                   || total
-------------------------++-------
Melee: Flail             ||   134
  Use: Scroll            ||     3
       Potion            ||     1
Armor: Scale mail        ||    67
Dodge: Dodged            ||    85
Block: Buckler           ||    35

Table legend: (Time is in decaauts)
 A = Elapsed time spent in this place.
 B = Non-inter-level travel time spent in this place.
 C = Inter-level travel time spent in this place.
 D = Time resting spent in this place.
 E = Time spent auto-exploring this place.
 F = Levels seen in this place.
 G = Mean time per level.
                   A        B        C        D        E       F      G
               +--------+--------+--------+--------+--------+-----+--------+
         Total |   2084 |   2054 |     30 |      0 |   1701 |   4 |  521.0 |
       Dungeon |   2084 |   2054 |     30 |      0 |   1701 |   4 |  521.0 |
               +--------+--------+--------+--------+--------+-----+--------+

Top non-repeatable levels by time:
     D:1: 1099 daAuts
     D:2: 910 daAuts
     D:3: 64 daAuts
     D:5: 10 daAuts
